 Dungeon Crawl Stone Soup version 0.30.1-3-gfc49f6343a (webtiles) character file.

Game seed: 870085151710749062

314 Almogavar the Chopper (level 6, -3/53 HPs)
             Began as a Hill Orc Fighter on July 24, 2023.
             Slain by a gnoll
             ... wielding a +0 halberd
              (13 damage)
             ... on level 4 of the Dungeon.
             The game lasted 00:07:30 (2874 turns).

Almogavar the Chopper (Hill Orc Fighter)            Turns: 2874, Time: 00:07:30

Health: -3/53      AC:  8    Str: 21    XL:     6   Next: 43%
Magic:  6/6        EV:  9    Int:  8    God:
Gold:   120        SH:  4    Dex: 10    Spells: 5/5 levels left

rFire   . . .        a - +0 war axe
rCold   . . .        c - +0 buckler
rNeg    . . .        b - +0 scale mail
rPois   .            e - +0 helmet
rElec   .            (no cloak)
rCorr   .            (no gloves)
SInv    .            (no boots)
Will    .....        (no amulet) Stlth
                     j - ring of flight
HPRegen 0.28/turn    (no ring)
MPRegen 0.10/turn

%: no passive effects
@: mighty, flying
A: no striking features
a: no special abilities


You were on level 4 of the Dungeon.
You visited 1 branch of the dungeon, and saw 4 of its levels.

You collected 120 gold pieces.

Inventory:

Hand Weapons
 a - a +0 war axe (weapon)
 n - a +0 flail of protection
Missiles
 m - a throwing net (quivered)
Armour
 b - a +0 scale mail (worn)
 c - a +0 buckler (worn)
 e - a +0 helmet (worn)
Jewellery
 j - a ring of flight (left hand)
Wands
 t - a wand of polymorph (5)
Scrolls
 f - 2 scrolls of teleportation
 h - a scroll of blinking
 i - 2 scrolls of amnesia
 k - a scroll of fog {unknown}
 o - a scroll of fear {unknown}
 p - a scroll of magic mapping {unknown}
Potions
 d - 2 potions of might
 g - 4 potions of curing
 l - 2 potions of heal wounds
 q - a potion of magic {unknown}
 r - a potion of brilliance {unknown}
 s - a potion of resistance {unknown}


   Skills:
 + Level 4.6 Fighting
 + Level 6.2 Axes
 + Level 4.8 Armour
 - Level 0.3 Dodging
 + Level 3.8 Shields


You had 5 spell levels left.
You didn't know any spells.
Your spell library contained the following spells:

 Spells                   Type           Power      Damage    Failure   Level
 Vhi's Electric Charge    Tloc/Air       0%         N/A       99%         3
 Arcjolt                  Conj/Air       0%         1d10      100%        5
 Maxwell's Capacitive Co  Air            0%         ∞         100%        8


Dungeon Overview and Level Annotations

Branches:
Dungeon (4/15)
 Temple: D:4-7

Altars:
Ashenzari
Elyvilon
Ru
Sif Muna


Message History

The gnoll shouts!
You hear a shout!
A gnoll comes into view. It is wielding a +0 halberd.
The gnoll shouts!
You block the gnoll's attack.
You hit the gnoll.
The gnoll is lightly wounded.
The gnoll hits you with a +0 spear.
The gnoll hits you from afar with a +0 spear. x3
You block the gnoll's attack.
You barely miss the gnoll.
The gnoll is lightly wounded.
You block the gnoll's attack. The gnoll hits you with a +0 spear!
The gnoll hits you but does no damage.
You hit the gnoll.
The gnoll is moderately wounded.
The gnoll hits you but does no damage. The gnoll closely misses you.
The gnoll hits you but does no damage.
You feel very mighty all of a sudden. The gnoll hits you but does no damage.
The gnoll hits you from afar with a +0 spear.
You slash the gnoll!
You kill the gnoll!
The gnoll barely misses you.
The gnoll hits you from afar with a +0 halberd.
The gnoll hits you from afar with a +0 spear.
You are too injured to fight recklessly!
You are too injured to fight recklessly!
The gnoll hits you but does no damage. The gnoll hits you with a +0 halberd!
The gnoll hits you with a +0 spear.
* * * LOW HITPOINT WARNING * * *
You barely miss the gnoll. You hit the gnoll. You closely miss the gnoll.
The gnoll hits you with a +0 spear.
* * * LOW HITPOINT WARNING * * *
The gnoll hits you but does no damage. The gnoll completely misses you.
You slice the gnoll!!
You kill the gnoll!
You slash the gnoll!
You kill the gnoll!
You slash the gnoll! The gnoll hits you with a +0 halberd!
You die...

........#######.........#.#
.##....#..~~~..#....###.#.#
.##...#..~...~..#...#####.#
.##..#...~._.~...#....# #.#
.###..#..~...~..#.##..# #.#
..(....#..~~~..#..##..###.#
........#######......>....#
..................)....####
........ ####..@...|..#
....... #.))g.....# ...
............#
..............#
..............#
..............#
..............#
..............#


You could see a gnoll.

Vanquished Creatures
  A bullfrog (D:4)
  A hound (D:3)
  6 gnolls
  9 adders
  2 ufetubi
  6 dart slugs
  An orc (D:3)
  8 endoplasms
  5 giant cockroaches
  5 goblins
  6 hobgoblins
  6 jackals
  4 quokkas
  4 ball pythons
  6 bats
  6 frilled lizards
  4 kobolds
  5 rats
85 creatures vanquished.

Notes
Turn   | Place    | Note
-------+----------+-------------------------------------------
     0 | D:1      | Almogavar the Hill Orc Fighter began the quest for the Orb.
     0 | D:1      | Reached XP level 1. HP: 19/19 MP: 1/1
    38 | D:1      | Reached XP level 2. HP: 20/27 MP: 2/2
    97 | D:1      | Reached skill level 3 in Axes
   241 | D:1      | Found a faded altar of an unknown god.
   241 | D:1      | Noticed a floating eye
   253 | D:1      | Noticed a floating eye
   253 | D:1      | Noticed a golden eye
   253 | D:1      | Noticed a shining eye
   428 | D:1      | Reached XP level 3. HP: 33/33 MP: 3/3
  1063 | D:2      | Reached skill level 4 in Axes
  1063 | D:2      | Reached XP level 4. HP: 39/40 MP: 4/4
  1474 | D:2      | Reached XP level 5. HP: 9/47 MP: 5/5
  1701 | D:3      | Reached skill level 5 in Axes
  1764 | D:3      | Found a white marble altar of Elyvilon.
  1840 | D:3      | Found a broken altar of Ashenzari.
  2391 | D:3      | Found a shimmering blue altar of Sif Muna.
  2608 | D:4      | Reached XP level 6. HP: 52/53 MP: 6/6
  2618 | D:4      | Found a sacrificial altar of Ru.
  2732 | D:4      | Reached skill level 6 in Axes
  2874 | D:4      | Slain by a gnoll

Illustrated notes

Levels and vault maps discovered:
D:1:      mrwooster_arrival_statue_3, layout_loops_cross,
          hellmonk_ecumenical_altar_watching_god, roderic_three_in_a_row
D:2:      layout_basic
D:3:      layout_rooms, mainiacjoe_overflow_concentric_impassable,
          nicolae_sif_muna_condensation, elyvilon_altar_3, minmay_hedge_maze,
          minmay_misc_feat_chi, kennysheep_generic_room_11
D:4:      layout_basic, nicolae_ru_awakened_eye

Skill      XL: |  1  2  3  4  5  6 |
---------------+-------------------+-----
Axes           | 3 4 5 6 |  6.2
Fighting       | 4 |  4.6
Armour         | 4 |  4.8
Dodging        | |  0.3
Shields        | |  3.8

Action                     |  1- 3 |  4- 6 || total
---------------------------+-------+-------++-------
  Melee: War axe           |    88 |   167 ||   255
    Use: Scroll            |     3 |     5 ||     8
         Potion            |       |     1 ||     1
 Armour: Scale mail        |    48 |   115 ||   163
  Dodge: Dodged            |    53 |    76 ||   129
  Block: Buckler           |    22 |    34 ||    56
